 Dungeon Crawl Stone Soup version 0.18-a0-1045-g4e042de (webtiles) character file.

242 homeworkjunkie the Shield-Bearer (level 6, -9/53 HPs)
             Began as a Hill Orc Fighter on Jan 11, 2016.
             Killed by nerve-wracking pain
             ... invoked by Grinder
              (13 damage)
             ... while paralysed by Grinder
             ... on level 3 of the Dungeon.
             The game lasted 00:03:19 (2159 turns).

homeworkjunkie the Shield-Bearer (Hill Orc Fighter) Turns: 2159, Time: 00:03:19

Health: -9/53      AC:  9    Str: 21    XL:     6   Next: 9%
Magic:  6/6        EV:  2    Int:  8    God:
Gold:   62         SH:  0    Dex: 10    Spells: 0 memorised, 5 levels left

rFire  . . .     SeeInvis .     a - +0 war axe
rCold  . . .     Gourm    .     e - +0 chain mail
rNeg   . . .     Faith    .     c - +0 shield
rPois  .         Spirit   .     (no helmet)
rElec  .         Dismiss  .     (no cloak)
rCorr  .         Reflect  .     (no gloves)
SustAt .         Harm     .     (no boots)
MR     .....                    (no amulet)
Stlth  ..........               (no ring)
                                (no ring)

@: paralysed, not resistant to hostile enchantments, extremely unstealthy
A: no striking features
a: no special abilities


You were on level 3 of the Dungeon.
You were not hungry.

You visited 1 branch of the dungeon, and saw 3 of its levels.

You collected 62 gold pieces.

Inventory:

Hand Weapons
 a - a +0 war axe (weapon)
Armour
 c - a +0 shield (worn)
 e - a +0 chain mail (worn)
Scrolls
 b - 2 scrolls of blinking
 g - a scroll of identify
Potions
 d - a potion of cure mutation {unknown}
 h - a potion of resistance {unknown}
 i - a potion of flight {unknown}
Comestibles
 f - a bread ration


   Skills:
 * Level 4.7 Fighting
 * Level 4.3 Axes
 * Level 4.3 Armour
 + Level 1.1 Dodging
 * Level 4.8 Shields


You had 5 spell levels left.
You didn't know any spells.

Dungeon Overview and Level Annotations

Branches:
Dungeon (3/15)

Altars:
Dithmenos
Elyvilon
Makhleb
Xom

Annotations:
D:3 Grinder


Message History

Grinder is heavily wounded.
Grinder hits you!
* * * LOW HITPOINT WARNING * * *
You writhe in agony.
* * * LOW HITPOINT WARNING * * *
You are too injured to fight recklessly!
You are too injured to fight recklessly!
You are too injured to fight recklessly!
You are too injured to fight recklessly!
You are too injured to fight recklessly!
You are too injured to fight recklessly!
You are too injured to fight recklessly!
You are too injured to fight recklessly!
Grinder gestures.
Grinder blinks!
Grinder gestures at you.
You suddenly lose the ability to move!
Grinder gestures at you. Pain shoots through your body!
You die...

#...... ##.## #.##...
#...# ###.##.## #...#
#......## #...#
#.#.##### #...#
#.#...... #...#
###.####### #...#
#.......###
#####..@######.#........
.$.............###...##.
........................
.........(.....##.....#.
###.#...#.####.##.....#.
#.#..5#.# #.......... #
#...#.# ###....#.##
#...#.# #..###.# #.
.$....# #..# ###


You could see Grinder.

Vanquished Creatures
  3 orc wizards (D:3)
  An orc priest (D:3)
  Natasha (twice) (D:3)
  3 adders
  3 worms (D:2)
  A giant gecko (D:2)
  An orc (D:3)
  A ball python (D:2)
  A giant cockroach (D:2)
  2 goblins (D:2)
  8 hobgoblins
  8 jackals
  4 kobolds
  A quokka (D:2)
  3 bats (D:2)
  4 giant newts
  3 rats
49 creatures vanquished.

Notes
Turn   | Place    | Note
--------------------------------------------------------------
     0 | D:1      | homeworkjunkie the Hill Orc Fighter began the quest for the Orb.
     0 | D:1      | Reached XP level 1. HP: 19/19 MP: 1/1
   216 | D:2      | Reached XP level 2. HP: 22/27 MP: 2/2
   298 | D:3      | Noticed Natasha
   302 | D:3      | Noticed a crimson imp
   311 | D:3      | Killed Natasha
   311 | D:3      | Reached skill level 4 in Fighting
   311 | D:3      | Reached XP level 3. HP: 18/33 MP: 3/3
   428 | D:2      | Reached XP level 4. HP: 21/40 MP: 4/4
  1005 | D:2      | Found a burning altar of Makhleb.
  1006 | D:2      | Found a shimmering altar of Xom.
  1072 | D:2      | Found a white marble altar of Elyvilon.
  1179 | D:2      | Found a faded altar to an unknown god.
  1258 | D:2      | Found a shadowy altar of Dithmenos.
  1275 | D:3      | Noticed Natasha
  1278 | D:3      | Killed Natasha
  1278 | D:3      | Reached skill level 1 in Dodging
  1281 | D:3      | Reached XP level 5. HP: 26/46 MP: 5/5
  1711 | D:3      | HP: 2/47 [orc wizard/magic dart (8)]
  1713 | D:3      | Reached XP level 6. HP: 2/53 MP: 6/6
  2148 | D:3      | Noticed Grinder
  2158 | D:3      | Paralysed by Grinder for 5 turns
  2159 | D:3      | Killed from afar by Grinder

Vault maps used:
D:1:      evilmike_arrival_rings
D:2:      minitemple, lemuel_coloured_pillars_altar,
          nicolae_dithmenos_through_a_glass_darkly, elyvilon_altar_3,
          first_bread, ecumenical_altar_1
D:3:      gammafunk_temple_overflow_elements, grunt_ministairs_1,
          lexackson_kobold_supper, uniq_sigmund, uniq_grinder, uniq_natasha

Action                   |  1- 3 |  4- 6 || total
-------------------------+-------+-------++-------
Melee: War axe           |    57 |   140 ||   197
  Use: Potion            |     1 |     1 ||     2
       Scroll            |       |     5 ||     5
  Eat: Bread ration      |       |     1 ||     1
